 Dungeon Crawl Stone Soup version 0.17-a0-2058-g8b0eb12 (webtiles) character file.

130 Banto the Sneak (level 5, -2/32 HPs)
             Began as a Halfling Artificer on Oct 12, 2015.
             Slain by a worm (10 damage)
             ... on level 3 of the Dungeon.
             The game lasted 00:03:45 (2562 turns).

Banto the Sneak (Halfling Artificer)                Turns: 2562, Time: 00:03:45

Health: -2/32      AC:  5    Str: 11    XL:     5   Next: 36%
Magic:  7/7        EV: 14    Int: 11    God:
Gold:   123        SH:  0    Dex: 16    Spells: 0 memorised, 4 levels left

rFire  . . .     SeeInvis .     a - +0 short sword
rCold  . . .     Clarity  .     b - +0 leather armour
rNeg   + . .     SustAt   .     (shield restricted)
rPois  .         Gourm    .     (no helmet)
rElec  .         Spirit   .     h - +0 cloak
rCorr  .         Warding  .     u - +0 pair of gloves
rMut   .         Stasis   .     (no boots)
MR     .....                    (no amulet)
Stlth  +++.......               t - ring of flight
                                o - ring of positive energy

@: not resistant to hostile enchantments, fairly stealthy
A: mutation resistance 1
a: Evoke Flight


You were on level 3 of the Dungeon.
You were not hungry.

You visited 1 branch of the dungeon, and saw 3 of its levels.

You collected 123 gold pieces.

Inventory:

Hand Weapons
 a - a +0 short sword (weapon)
Missiles
 m - a throwing net (quivered)
Armour
 b - a +0 leather armour (worn)
 h - a +0 cloak (worn)
 u - a +0 pair of gloves (worn)
Jewellery
 o - a ring of positive energy (left hand)
 t - a ring of flight (right hand)
Wands
 c - a wand of flame (5)
 d - a wand of enslavement (15)
 e - a wand of random effects (8)
Scrolls
 g - 2 scrolls of blinking {unknown}
 n - a scroll of fear {unknown}
 p - 3 scrolls of identify {unknown}
 q - 4 scrolls of remove curse
 r - a scroll of teleportation
 s - a scroll of enchant armour {unknown}
Potions
 j - a potion of degeneration {unknown}
 k - a potion of flight {unknown}
 l - a potion of cancellation {unknown}
Comestibles
 f - 2 bread rations
 i - a meat ration
 v - a royal jelly


   Skills:
 - Level 0.8 Fighting
 + Level 4.2 Short Blades
 - Level 2.1 Dodging
 + Level 4.2 Stealth
 - Level 3.0 Evocations


You had 4 spell levels left.
You didn't know any spells.

Dungeon Overview and Level Annotations

Branches:
Dungeon (3/15)

Altars:
Makhleb


Innate Abilities, Weirdness & Mutations

You are small and have problems with some larger weapons.
You are somewhat resistant to further mutation.


Message History

You hit the worm but do no damage.
The worm is moderately wounded.
You hit the worm.
The worm is severely wounded.
You hit the worm.
The worm is severely wounded.
You barely miss the worm.
The worm is severely wounded.
The worm bites you!
You hit the worm but do no damage.
The worm is heavily wounded.
The worm bites you!
* * * LOW HITPOINT WARNING * * *
Eat a chunk of flesh? (ye/n/q/i?) This raw flesh tastes terrible.
You continue eating. x2
You hit the worm.
The worm is heavily wounded.
The worm bites you!
You die...

.....................##########
.........................[...(#
....[.........................#
........##....##+##...........#
.... ...##....##.##....########
...# ##......##.(...........#
#..####.......#........#####.#
#....†........#.)......#####.#
...............w@......'.>##.#
..####....[............##.##<#
...###.................##.####
....##....#(...............####
.#..##....#...................#
.#.w##....#................##.#
.##.##....####................#
. #.........................###
. ##........................#


You could see a worm.

Vanquished Creatures
  A hound (D:2)
  A gnoll (D:3)
  An adder (D:2)
  An ooze (D:2)
  2 worms (D:2)
  A ball python (D:2)
  A giant cockroach (D:1)
  4 hobgoblins (D:1)
  A quokka (D:3)
  7 bats
  A giant newt (D:1)
  7 goblins
  2 kobolds (D:1)
  6 rats
36 creatures vanquished.

Vanquished Creatures (collateral kills)
  3 gnolls (D:3)
  A giant gecko (D:3)
  2 orcs (D:3)
  A kobold (D:3)
7 creatures vanquished.

Grand Total: 43 creatures vanquished

Notes
Turn   | Place    | Note
--------------------------------------------------------------
     0 | D:1      | Banto the Halfling Artificer began the quest for the Orb.
     0 | D:1      | Reached XP level 1. HP: 12/12 MP: 3/3
   535 | D:1      | Reached XP level 2. HP: 15/18 MP: 4/4
   996 | D:1      | Reached XP level 3. HP: 17/22 MP: 5/5
  1459 | D:2      | Found a burning altar of Makhleb.
  1467 | D:2      | Reached XP level 4. HP: 20/27 MP: 6/6
  1791 | D:2      | Found a faded altar to an unknown god.
  2291 | D:3      | Reached skill level 4 in Stealth
  2291 | D:3      | Reached XP level 5. HP: 7/32 MP: 7/7
  2562 | D:3      | Slain by a worm

Vault maps used:
D:1:      dpeg_arrival_leaves_temple_mockup, minmay_misc_feat_rows
D:2:      ecumenical_altar_2, makhleb_blood_cavern_becter
D:3:      first_bread, minmay_misc_feat_rugged

Action                   |  1- 3 |  4- 6 || total
-------------------------+-------+-------++-------
Melee: Short sword       |   134 |    72 ||   206
Evoke: Wand              |     7 |    10 ||    17
  Use: Scroll            |     3 |       ||     3
 Stab: Sleeping          |     2 |       ||     2
  Eat: Chunk             |     1 |     4 ||     5
